 Dungeon Crawl Stone Soup version 0.28.0-53-g5a82cb258f (webtiles) character file.

Game seed: 14222983983582110084

1452 jiml777 the Digger (level 8, 0/44 HPs)
             Began as a Gargoyle Earth Elementalist on June 10, 2022.
             Was an Initiate of Cheibriados.
             Slain by an orc
             ... wielding a +8 dagger
              (4 damage)
             ... on level 7 of the Dungeon.
             The game lasted 00:27:45 (8257 turns).

jiml777 the Digger (Gargoyle Earth Elementalist)    Turns: 8257, Time: 00:27:45

Health: 0/44       AC: 10    Str: 18    XL:     8   Next: 75%
Magic:  11/15      EV: 12    Int: 20    God:    Cheibriados [......]
Gold:   199        SH:  0    Dex: 11    Spells: 6/16 levels left

rFire   . . .      SeeInvis .   s - +4 mace (vorpal)
rCold   . . .      Faith    .   (no shield)
rNeg    + . .      Spirit   .   l - +1 leather armour
rPois   ∞          Reflect  .   (no helmet)
rElec   +          Harm     .   (no cloak)
rCorr   .          Rampage  .   (no gloves)
Will    .....                   (no boots)
Stlth   ++........              (no amulet)
HPRegen 0.14/turn               C - +6 ring of strength
MPRegen 0.14/turn               (no ring)

@: very slow
A: sickness immunity, AC +5, negative energy resistance 1, electricity
resistance, torment resistance 1, petrification resistance
a: Renounce Religion


You were on level 7 of the Dungeon.
You worshipped Cheibriados.
Cheibriados was noncommittal.
You visited 1 branch of the dungeon, and saw 7 of its levels.

You collected 199 gold pieces.

Inventory:

Hand Weapons
 e - a +0 dagger
 n - a +0 dagger of speed
 q - a +0 rapier
 r - a +0 hunting sling of chaos
 s - a +4 vorpal mace (weapon)
Missiles
 c - 161 stones
 d - 27 sling bullets
 k - 64 bolts
 p - 13 poisoned darts
 u - 106 arrows
Armour
 b - a +0 robe
 l - a +1 leather armour (worn)
Jewellery
 C - a +6 ring of strength (left hand)
 D - an amulet of faith
Wands
 a - a wand of flame (22)
 y - a wand of polymorph (10)
Scrolls
 f - 2 scrolls of teleportation
 g - a scroll of magic mapping
 j - a scroll of blinking
 t - a scroll of acquirement {unknown}
 v - a scroll of immolation
 w - a scroll of torment
 A - a scroll of fear
Potions
 h - a potion of flight
 i - 2 potions of lignification
 m - a potion of might {unknown}
 o - a potion of ambrosia {unknown}
 x - a potion of magic {unknown}
 z - a potion of resistance {unknown}
 B - a potion of attraction {unknown}


   Skills:
 + Level 2.1 Fighting
 + Level 0.5 Short Blades
 + Level 3.5 Maces & Flails
 - Level 3.2 Armour
 + Level 2.7 Dodging
 + Level 3.4 Stealth
 + Level 4.7 Spellcasting
 * Level 2.4 Conjurations
 * Level 2.6 Transmutations
 + Level 7.1 Earth Magic


You had 6 spell levels left.
You knew the following spells:

 Your Spells              Type           Power      Damage    Failure   Level
a - Sandblast             Erth           66%        2d15      1%          1
b - Passwall              Tmut/Erth      20%        N/A       3%          2
c - Stone Arrow           Conj/Erth      46%        3d9       6%          3
d - Petrify               Tmut/Erth      24%        N/A       19%         4

Your spell library contained the following spells:

 Spells                   Type           Power      Damage    Failure   Level
 Summon Small Mammal      Summ           16%        N/A       14%         1
 Dazzling Flash           Conj/Hex       18%        N/A       26%         3
 Call Canine Familiar     Summ           4%         N/A       38%         3
 Summon Guardian Golem    Hex/Summ       4%         N/A       38%         3
 Iskenderun's Mystic Bla  Conj/Tloc      9%         2d4       65%         4
 Starburst                Conj/Fire      4%         6d4       100%        6


Dungeon Overview and Level Annotations

Branches:
Dungeon (7/15)             Temple (0/1) D:6

Altars:
Cheibriados

Shops:
D:1 *

Annotations:
D:7 Maggie


Innate Abilities, Weirdness & Mutations

You are immune to sickness and miasma.
Your stone body is resilient. (AC +5)
You are immune to poison.
You resist negative energy. (rN+)
You are resistant to electric shocks. (rElec)
You are resistant to unholy torment.
You are immune to petrification.


Message History

The orc priest calls down the wrath of Beogh upon you.
Beogh smites you! The orc warrior barely misses you.
The orc warrior hits you with a +0 war axe!
The orc warrior barely misses you.
There is an open door here.
Casting: Sandblast (safe; 1% risk of failure)
Confirm with . or Enter, or press ? or * to list all spells.
Aiming: Stone Arrow (dangerous; 6% risk of failure)
Press: ? - help, Shift-Dir - straight line, f - orc warrior
Aim: an orc warrior, wielding a +0 war axe and wearing a +0 plate armour (71% to hit)
The stone arrow misses the orc warrior.
The orc warrior hits you with a +0 war axe!
Unknown command.
Casting: Stone Arrow (dangerous; 6% risk of failure)
Confirm with . or Enter, or press ? or * to list all spells.
Aiming: Sandblast (safe; 1% risk of failure)
Press: ? - help, Shift-Dir - straight line, f/p - orc warrior
Aim: an orc warrior, wielding a +0 war axe and wearing a +0 plate armour (82% to hit)
The blast of sand hits the orc warrior but does no damage.
Casting: Sandblast (safe; 1% risk of failure)
Confirm with . or Enter, or press ? or * to list all spells.
Aiming: Sandblast (safe; 1% risk of failure)
Press: ? - help, Shift-Dir - straight line, f/p - orc warrior
Aim: an orc warrior, wielding a +0 war axe and wearing a +0 plate armour (82% to hit)
The blast of sand hits the orc warrior but does no damage.
The orc warrior closely misses you.
You barely miss the orc warrior. The orc misses you.
The orc warrior misses you. The orc hits you with a +8 dagger.
You hit the orc warrior but do no damage.
The orc warrior closely misses you. The orc hits you but does no damage.
You hit the orc warrior but do no damage.
The orc warrior hits you with a +0 war axe.
* * * LOW HITPOINT WARNING * * *
The orc closely misses you.
You hit the orc warrior.
The orc warrior is moderately wounded.
The orc warrior hits you with a +0 war axe.
* * * LOW HITPOINT WARNING * * *
The orc hits you with a +8 dagger.
You die...

#........# ....#
+........# ....
#.o......# #+# ...#
####'########.##...###.
#.....o.....#..........
#.......o...#..........
#...........#..........
#...........#..........
#...........#@.<.......
#.........o.oo.........
#########..##+##...##..
#..##.##...#
#............
#.............
#..............
####+#########+####
..............#


You could see an orc warrior, an orc priest and an orc.

Vanquished Creatures
  3 ice beasts
  A hornet zombie (D:6)
  A black bear (D:5)
  A centaur (D:6)
  A bullfrog (D:6)
  A water moccasin zombie (D:5)
  6 scorpions
  A howler monkey (D:5)
  A centaur zombie (D:6)
  A centaur skeleton (D:5)
  A jelly (D:6)
  2 orc wizards
  An iguana (D:4)
  Natasha (thrice) (D:3)
  4 adders
  4 gnolls (D:6)
  2 worms
  9 orcs
  4 bats
  8 endoplasms
  A giant cockroach (D:3)
  11 goblins
  9 hobgoblins
  9 kobolds
  9 quokkas
  8 ball pythons
  5 frilled lizards
  10 rats
117 creatures vanquished.

Vanquished Creatures (others)
  A bullfrog (D:7)
  2 withered plants (D:3)
3 creatures vanquished.

Grand Total: 120 creatures vanquished

Notes
Turn   | Place    | Note
-------+----------+-------------------------------------------
     0 | D:1      | jiml777 the Gargoyle Earth Elementalist began the quest for
                  | the Orb.
     0 | D:1      | Reached XP level 1. HP: 10/10 MP: 3/3
     0 | D:1      | Noticed an orb of fire
     2 | D:1      | Noticed a tentacled monstrosity
     4 | D:1      | Noticed an iron dragon
     8 | D:1      | Noticed a large abomination
     9 | D:1      | Noticed a tentacled monstrosity
    11 | D:1      | Noticed a shadow dragon
    13 | D:1      | Noticed a large abomination
    13 | D:1      | Noticed an iron dragon
    15 | D:1      | Noticed a large abomination
    15 | D:1      | Noticed a tentacled monstrosity
    17 | D:1      | Noticed a golden dragon
    19 | D:1      | Noticed an orb of fire
    19 | D:1      | Noticed an orb of fire
    21 | D:1      | Noticed a tentacled monstrosity
   244 | D:1      | Reached skill level 4 in Earth Magic
   586 | D:1      | Reached XP level 2. HP: 15/15 MP: 5/5
   825 | D:1      | Found Felexeq's General Store.
  1130 | D:1      | Reached XP level 3. HP: 19/19 MP: 6/6
  3195 | D:3      | Reached skill level 1 in Armour
  3199 | D:3      | Reached XP level 4. HP: 17/24 MP: 0/7
  4064 | D:3      | Noticed Natasha
  4066 | D:3      | Killed Natasha
  4067 | D:3      | Reached skill level 1 in Maces & Flails
  4067 | D:3      | Reached XP level 5. HP: 28/28 MP: 5/8
  4174 | D:3      | Found a faded altar of an unknown god.
  4271 | D:3      | Noticed Natasha
  4286 | D:3      | Killed Natasha
  4401 | D:3      | Noticed Natasha
  4405 | D:3      | Killed Natasha
  4493 | D:4      | Reached skill level 5 in Earth Magic
  4493 | D:4      | Reached XP level 6. HP: 24/33 MP: 4/9
  4579 | D:4      | Reached skill level 1 in Fighting
  5835 | D:5      | Entered Level 5 of the Dungeon
  5848 | D:5      | Noticed a black bear
  5868 | D:5      | Killed a black bear
  5869 | D:5      | Reached XP level 7. HP: 29/38 MP: 5/11
  6180 | D:5      | Found a snail-covered altar of Cheibriados.
  6185 | D:5      | Became a worshipper of Cheibriados the Contemplative
  6197 | D:5      | Reached skill level 6 in Earth Magic
  6548 | D:6      | Learned a level 2 spell: Passwall
  6552 | D:6      | Learned a level 3 spell: Stone Arrow
  6557 | D:6      | Learned a level 4 spell: Petrify
  6586 | D:6      | Reached skill level 1 in Transmutations
  6774 | D:6      | Reached XP level 8. HP: 38/44 MP: 12/14
  6794 | D:6      | Found a staircase to the Ecumenical Temple.
  6829 | D:6      | Reached skill level 1 in Conjurations
  7036 | D:6      | Identified the +0 ring mail of the True Pharaoh {rF+ Will-
                  | Str+3}
  7789 | D:6      | Reached skill level 7 in Earth Magic
  8147 | D:7      | Noticed Maggie
  8257 | D:7      | Slain by an orc

Illustrated notes

Levels and vault maps discovered:
D:1:      shiori_arrival_whats_in_store_for_you, layout_loops_corners,
          serial_shops, shop
D:2:      minmay_spotlight, layout_loops_corners
D:3:      minmay_bubble_buster, layout_rooms,
          ebering_ecumenical_altar_petrified, minmay_pentangle, uniq_natasha
D:4:      layout_basic
D:5:      layout_cave_pools, cheibriados_altar_1, serial_column_ruins,
          column_ruins_columns_straight, column_ruins_open_tiny,
          column_ruins_columns_T
D:6:      layout_cave_pods, minmay_temple_entry_gardened_gates
D:7:      layout_gridville, lightli_ossuary_entry_decrepit_ruins,
          lemuel_flame_loot_1, uniq_maggie, uniq_harold

Skill      XL: |  1  2  3  4  5  6  7  8 |
---------------+-------------------------+-----
Earth Magic    | 4 5 6 7 |  7.1
Armour         | 1 2 3 |  3.2
Maces & Flails | 1 2 3 |  3.5
Dodging        | 2 |  2.7
Fighting       | 1 2 |  2.1
Stealth        | 3 |  3.4
Spellcasting   | 3 4 |  4.7
Transmutations | 1 2 |  2.6
Conjurations   | 2 |  2.4
Short Blades   | |  0.5

Action                   |  1- 3 |  4- 6 |  7- 9 || total
-------------------------+-------+-------+-------++-------
Melee: Unarmed           |    16 |       |       ||    16
       Dagger            |   131 |    11 |       ||   142
       Punch             |     1 |     1 |       ||     2
       Mace              |       |   119 |    59 ||   178
 Cast: Sandblast         |    33 |    24 |    48 ||   105
       Stone Arrow       |       |       |     5 ||     5
  Use: Scroll            |       |    14 |     4 ||    18
 Stab: Sleeping          |       |     4 |       ||     4
Armor: Robe              |     5 |       |       ||     5
       Leather armour    |    44 |    62 |    37 ||   143
Dodge: Dodged            |    82 |    72 |    61 ||   215
